Admirals vs Rocket
(R1)
Created - April 19, 2021 at 19:02
Goals
|
| Admirals |
1 |
1 |
1 |
3 |
| Rocket |
2 |
0 |
3 |
5 |
|
Shots
|
| Admirals |
13 |
8 |
14 |
35 |
| Rocket |
14 |
8 |
10 |
32 |
|
1st period
1. Admirals , Nicolas Kerdiles 49 (Mat Clark 40, Joel Armia 42) at 5:37
2. Rocket , Corey Trivino 21 (Alex Petrovic 35, Brian Dumoulin 51) at 9:37
3. Rocket , Adrian Kempe 40 (Corey Trivino 38, Jiri Sekac 22) at 18:13
Penalties :
Nick Ritchie (Lav) for Hooking (Minor) at 5:51, Mat Clark (Mil) for Roughing (Minor) at 13:01
2nd period
4. Admirals , Anton Gustafsson 31 (Travis Dermott 26, Chris Lawrence 47) at 11:24
Penalties :
Danton Heinen (Lav) for Slashing (Minor) at 2:19, Jonathan Matsumoto (Lav) for Tripping (Minor) at 7:18, Scott Laughton (Mil) for Tripping (Minor) at 12:18, Scott Laughton (Mil) for High sticking (Minor) at 18:45
3rd period
5. Rocket , Danton Heinen 39 (Adrian Kempe 68, Corey Trivino 39) at 0:12 (PP)
6. Admirals , Joel Armia 23 (Travis Dermott 27, T.J Brodie 30) at 4:39 (PP)
7. Rocket , Jiri Sekac 18 (Dominic Turgeon 5) at 8:36
8. Rocket , Jonathan Matsumoto 10 (Tyler Pitlick 33, Brian Dumoulin 52) at 11:08 (PP)
Penalties :
Andrei Mironov (Lav) for Cross-checking (Minor) at 4:16, T.J Brodie (Mil) for Cross-checking (Minor) at 9:32, T.J Brodie (Mil) for Holding (Minor) at 14:12, Jiri Sekac (Lav) for Hooking (Minor) at 16:57
Goalie Stats
Tristan Jarry (Mil), 27 saves from 32 shots - (0.844), L, 16-10-2, 60:00 minutes
Joni Ortio (Lav), 32 saves from 35 shots - (0.914), W, 21-11-5, 60:00 minutes
Players Stats for Admirals
Player Name G A P +/- PIM S H SB GA TA FO MP PP MP PK MP
------------------------------------------------------------------------------------
Adam Almquist 0 0 0 0 0 0 0 0 0 0 0/0 3:58 0:37 0:00
Andreas Englund 0 0 0 -2 0 0 0 1 0 1 0/0 16:36 0:00 5:57
Anton Gustafsson 1 0 1 0 0 3 1 0 1 0 6/12 14:18 0:00 4:47
Blake Geoffrion 0 0 0 -1 0 0 1 1 0 0 1/2 13:55 2:40 0:00
Brett Connolly 0 0 0 0 0 1 0 1 0 0 0/0 8:00 0:00 0:00
Carl Dahlstrom 0 0 0 0 0 0 0 0 0 0 0/0 0:40 0:00 0:40
Chris Lawrence 0 1 1 0 0 5 1 0 0 0 2/2 9:50 0:44 0:00
Christian Djoos 0 0 0 0 0 1 0 0 0 0 0/0 3:21 0:00 0:00
Freddie Hamilton 0 0 0 0 0 0 0 0 0 0 1/1 2:59 0:35 1:49
Hunter Shinkaruk 0 0 0 0 0 0 2 1 1 0 1/1 10:23 0:34 0:35
Joel Armia 1 1 2 0 0 5 0 0 0 1 1/2 18:18 4:55 0:00
Josh Morrissey 0 0 0 0 0 3 0 0 1 1 0/0 26:56 4:12 5:57
Lucas Wallmark 0 0 0 0 0 1 1 1 0 0 2/4 8:00 0:00 0:00
Mark McNeill 0 0 0 -1 0 0 2 3 1 0 0/2 14:19 2:40 0:00
Markus Granlund 0 0 0 -1 0 1 3 0 0 0 4/8 16:46 2:40 2:24
Mat Clark 0 1 1 0 2 1 3 2 0 0 0/0 21:45 4:12 2:23
Mattias Backman 0 0 0 -2 0 1 0 2 0 1 0/0 12:38 0:37 3:03
Nicolas Deslauriers 0 0 0 0 0 2 1 1 2 0 0/0 11:51 0:25 3:06
Nicolas Kerdiles 1 0 1 0 0 6 4 1 1 0 1/3 23:36 4:49 5:19
Scott Laughton 0 0 0 0 4 2 3 0 0 0 18/34 18:21 4:55 0:00
T.J Brodie 0 1 1 1 4 2 0 2 0 0 0/0 17:20 3:30 0:00
Travis Dermott 0 2 2 1 0 1 0 2 1 0 0/0 17:05 3:30 0:00
Trevor Van Riemsdyk 0 0 0 0 0 0 0 0 0 0 0/0 0:00 0:00 0:00
Players Stats for Rocket
Player Name G A P +/- PIM S H SB GA TA FO MP PP MP PK MP
------------------------------------------------------------------------------------
Adrian Kempe 1 1 2 1 0 5 4 1 0 0 1/2 18:36 4:13 0:23
Alex Petrovic 0 1 1 2 0 1 0 0 0 3 0/0 25:22 5:10 3:21
Andrei Mironov 0 0 0 0 2 3 1 3 0 0 0/0 19:12 3:40 0:00
Andrey Pedan 0 0 0 -1 0 0 3 3 0 1 0/0 15:25 0:10 4:58
Anthony Nigro 0 0 0 -1 0 1 2 1 0 0 8/14 13:29 0:12 4:15
Brian Dumoulin 0 2 2 2 0 0 1 1 0 0 0/0 25:22 5:10 3:21
Corey Trivino 1 2 3 1 0 3 1 0 0 0 16/34 18:44 4:13 0:29
Daniel Sprong 0 0 0 1 0 0 0 0 0 0 0/0 5:36 0:12 0:00
Danton Heinen 1 0 1 1 2 2 2 0 0 0 0/0 18:19 4:13 0:00
Dominic Turgeon 0 1 1 1 0 0 1 1 0 0 0/2 8:03 0:00 2:11
Jack Glover 0 0 0 -1 0 0 0 1 0 1 0/0 15:15 0:00 4:58
Jiri Sekac 1 1 2 1 2 2 1 0 0 0 0/0 6:42 0:00 1:10
Jonathan Matsumoto 1 0 1 0 2 3 1 1 0 1 7/16 19:33 4:35 1:08
Mattias Tedenby 0 0 0 -1 0 3 0 1 1 0 1/1 13:02 0:00 2:50
Nick Ritchie 0 0 0 0 2 3 2 0 0 1 1/2 18:46 4:35 0:24
Tom Wilson 0 0 0 0 0 2 5 0 1 0 0/0 13:01 0:00 0:00
Tyler Pitlick 0 1 1 -1 0 2 1 1 1 0 0/0 17:46 4:47 3:48
Viktor Loov 0 0 0 0 0 2 1 3 1 1 0/0 19:23 3:50 0:00
3 Stars
1 - Corey Trivino (Lav)
2 - Adrian Kempe (Lav)
3 - Brian Dumoulin (Lav)
Power Play
Admirals - 1 on 5 Attempt(s) - 20.00%
Rocket - 2 on 5 Attempt(s) - 40.00%
Penalty Kill
Admirals - 3 on 5 Attempt(s) - 60.00%
- Score 0 goal in Penalty Kill
Rocket - 4 on 5 Attempt(s) - 80.00%
- Score 0 goal in Penalty Kill
Team Stat
Admirals - Hits : 22 - Faceoff Wins : 37 - Blocked Shots : 18 - Penalty Minutes : 10
Rocket - Hits : 26 - Faceoff Wins : 34 - Blocked Shots : 17 - Penalty Minutes : 10
Official
Referees : Unknown
Linesman : Unknown
Game Notes
No Game Note
Finance
Level 1 -- Attendance: 2000 (100.00%) -- Ticket Income $40,000
Level 2 -- Attendance: 1000 (100.00%) -- Ticket Income $13,000
Total Attendance: 3000 (100.00%)
Total Ticket Income: $53,000
Other Income: $2,650
Total Income: $55,650
Admirals
5 vs 5 Forward
Center Left Wing Right Wing Time % Phy DF OF
1 Scott Laughton Nicolas Kerdiles Joel Armia 40 1 2 2
2 Markus Granlund Blake Geoffrion Mark McNeill 30 1 2 2
3 Anton Gustafsson Hunter Shinkaruk Chris Lawrence 20 1 2 2
4 Lucas Wallmark Nicolas Deslauriers Brett Connolly 10 1 2 2
5 vs 5 Defense
Defense Defense Time % Phy DF OF
1 Mat Clark Josh Morrissey 40 1 2 2
2 T.J Brodie Travis Dermott 30 1 2 2
3 Andreas Englund Mattias Backman 20 1 2 2
4 Christian Djoos Adam Almquist 10 1 2 2
PowerPlay Forward
Center Left Wing Right Wing Time % Phy DF OF
1 Scott Laughton Nicolas Kerdiles Joel Armia 60 1 1 3
2 Markus Granlund Blake Geoffrion Mark McNeill 40 1 1 3
PowerPlay Defense
Defense Defense Time % Phy DF OF
1 Mat Clark Josh Morrissey 60 1 2 2
2 T.J Brodie Travis Dermott 40 1 2 2
Penalty Kill 4 Players Forward
Center Wing Time % Phy DF OF
1 Anton Gustafsson Nicolas Kerdiles 60 1 2 2
2 Markus Granlund Nicolas Deslauriers 40 1 2 2
Penalty Kill 4 Players Defense
Defense Defense Time % Phy DF OF
1 Andreas Englund Josh Morrissey 60 1 2 2
2 Mat Clark Mattias Backman 40 1 2 2
Penalty Kill - 3 Players Forward
Forward Time % Phy DF OF
1 Anton Gustafsson 60 1 2 2
2 Mark McNeill 40 1 2 2
Penalty Kill - 3 Players Defense
Defense Defense Time % Phy DF OF
1 Andreas Englund Josh Morrissey 60 1 2 2
2 Mat Clark Mattias Backman 40 1 2 2
4 vs 4 Forward
Center Wing Time % Phy DF OF
1 Scott Laughton Nicolas Kerdiles 60 1 2 2
2 Markus Granlund Joel Armia 40 1 2 2
4 vs 4 Defense
Defense Defense Time % Phy DF OF
1 Mat Clark Josh Morrissey 60 1 2 2
2 T.J Brodie Travis Dermott 40 1 2 2
Last Minutes Offensive
Center Left Wing Right Wing Defense Defense
Scott Laughton Nicolas Kerdiles Joel Armia Mat Clark Josh Morrissey
Last Minutes Defensive
Center Left Wing Right Wing Defense Defense
Markus Granlund Nicolas Deslauriers Mark McNeill Andreas Englund Josh Morrissey
Goaltenders
Starting : Tristan Jarry
Backup : Niklas Svedberg
Extra Forwards
Normal : Freddie Hamilton, Markus Granlund, Mark McNeill - PP : Freddie Hamilton, Hunter Shinkaruk - PK : Freddie Hamilton
Extra Defensemen
Normal : Trevor Van Riemsdyk, Mattias Backman, Adam Almquist - PP : Adam Almquist - PK : Carl Dahlstrom, Trevor Van Riemsdyk
Penalty Shots
Markus Granlund, Scott Laughton, Blake Geoffrion, Anton Gustafsson, Joel Armia
Scratches
Ryan Olsen (Healthy), Sergei Zborovskiy (Healthy), Filip Chlapik (Healthy), Stanislav Galiev (Healthy), Mark MacMillan (Healthy)
Troy Bourke (Healthy), Alexandre Mallet (Healthy), Riley Barber (Healthy), Josh Wesley (Healthy), Linus Ullmark (Healthy)
Felix Sanstrom (Healthy)
Rocket
5 vs 5 Forward
Center Left Wing Right Wing Time % Phy DF OF
1 Corey Trivino Adrian Kempe Danton Heinen 35 0 1 4
2 Jonathan Matsumoto Nick Ritchie Tom Wilson 35 0 1 4
3 Anthony Nigro Tyler Pitlick Mattias Tedenby 25 0 1 4
4 Dominic Turgeon Jiri Sekac Daniel Sprong 5 0 3 2
5 vs 5 Defense
Defense Defense Time % Phy DF OF
1 Alex Petrovic Brian Dumoulin 40 1 2 2
2 Andrei Mironov Viktor Loov 30 1 2 2
3 Jack Glover Andrey Pedan 20 1 2 2
4 Alex Petrovic Brian Dumoulin 10 1 2 2
PowerPlay Forward
Center Left Wing Right Wing Time % Phy DF OF
1 Corey Trivino Adrian Kempe Danton Heinen 60 0 0 5
2 Jonathan Matsumoto Nick Ritchie Tyler Pitlick 40 0 0 5
PowerPlay Defense
Defense Defense Time % Phy DF OF
1 Brian Dumoulin Alex Petrovic 60 0 1 4
2 Andrei Mironov Viktor Loov 40 0 1 4
Penalty Kill 4 Players Forward
Center Wing Time % Phy DF OF
1 Anthony Nigro Tyler Pitlick 60 1 4 0
2 Dominic Turgeon Mattias Tedenby 40 1 4 0
Penalty Kill 4 Players Defense
Defense Defense Time % Phy DF OF
1 Jack Glover Andrey Pedan 60 1 4 0
2 Brian Dumoulin Alex Petrovic 40 1 4 0
Penalty Kill - 3 Players Forward
Forward Time % Phy DF OF
1 Corey Trivino 60 0 5 0
2 Dominic Turgeon 40 0 5 0
Penalty Kill - 3 Players Defense
Defense Defense Time % Phy DF OF
1 Andrei Mironov Alex Petrovic 60 0 5 0
2 Jack Glover Andrey Pedan 40 0 5 0
4 vs 4 Forward
Center Wing Time % Phy DF OF
1 Anthony Nigro Adrian Kempe 60 0 2 3
2 Dominic Turgeon Mattias Tedenby 40 0 2 3
4 vs 4 Defense
Defense Defense Time % Phy DF OF
1 Viktor Loov Brian Dumoulin 60 0 2 3
2 Andrey Pedan Jack Glover 40 0 2 3
Last Minutes Offensive
Center Left Wing Right Wing Defense Defense
Corey Trivino Adrian Kempe Danton Heinen Brian Dumoulin Alex Petrovic
Last Minutes Defensive
Center Left Wing Right Wing Defense Defense
Dominic Turgeon Tyler Pitlick Mattias Tedenby Alex Petrovic Andrei Mironov
Goaltenders
Starting : Joni Ortio
Backup : Jean-Francois Berube
Extra Forwards
Normal : Adrian Kempe, Danton Heinen, Mattias Tedenby - PP : Danton Heinen, Adrian Kempe - PK : Mattias Tedenby
Extra Defensemen
Normal : Brian Dumoulin, Alex Petrovic, Andrey Pedan - PP : Brian Dumoulin - PK : Andrei Mironov, Alex Petrovic
Penalty Shots
Mattias Tedenby, Adrian Kempe, Danton Heinen, Corey Trivino, Nick Ritchie
Scratches
Dean Kukan (Head Injury), Peter Holland (Bruised Left Arm Injury), Mason Appleton (Healthy), Guillaume Brisebois (Healthy), Tyler Lewington (Healthy)
Tobias Lindberg (Healthy), Scott Glennie (Healthy), Ty Rattie (Healthy), Charles Hudon (Healthy), Sergey Tolchinsky (Healthy)
Jakub Vrana (Healthy), Ryan MacInnis (Healthy)
% Time on Ice - Admirals
Lines # - Real PCT - Wanted PCT - Time Play
Normal Forward
1 - 33% - 40% - 14:17
2 - 26% - 30% - 11:15
3 - 21% - 20% - 9:09
4 - 19% - 10% - 8:00
Normal Defense
1 - 39% - 40% - 16:47
2 - 32% - 30% - 13:35
3 - 21% - 20% - 8:58
4 - 8% - 10% - 3:21
PP Forward
1 - 68% - 60% - 5:39
2 - 32% - 40% - 2:40
PP Defense
1 - 58% - 60% - 4:49
2 - 42% - 40% - 3:30
PK Forward
1 - 73% - 60% - 6:36
2 - 27% - 40% - 2:24
PK Defense
1 - 66% - 60% - 5:57
2 - 34% - 40% - 3:03
PK3 Forward
1 - 0% - 60%
2 - 0% - 40%
PK3 Defense
1 - 0% - 60%
2 - 0% - 40%
44 Forward
1 - 0% - 60%
2 - 0% - 40%
44 Defense
1 - 0% - 60%
2 - 0% - 40%
Last Minute Offensive - 0:00
Last Minute Defensive - 0:00
Total
Forward - 60:00
Defense - 60:00
|
% Time on Ice - Rocket
Lines # - Real PCT - Wanted PCT - Time Play
Normal Forward
1 - 34% - 35% - 14:31
2 - 33% - 35% - 13:56
3 - 21% - 25% - 8:56
4 - 12% - 5% - 5:18
Normal Defense
1 - 38% - 40% - 16:06
2 - 37% - 30% - 15:57
3 - 23% - 20% - 9:54
4 - 2% - 10% - 0:44
PP Forward
1 - 49% - 60% - 4:25
2 - 51% - 40% - 4:35
PP Defense
1 - 59% - 60% - 5:20
2 - 41% - 40% - 3:40
PK Forward
1 - 74% - 60% - 6:08
2 - 26% - 40% - 2:11
PK Defense
1 - 60% - 60% - 4:58
2 - 40% - 40% - 3:21
PK3 Forward
1 - 0% - 60%
2 - 0% - 40%
PK3 Defense
1 - 0% - 60%
2 - 0% - 40%
44 Forward
1 - 0% - 60%
2 - 0% - 40%
44 Defense
1 - 0% - 60%
2 - 0% - 40%
Last Minute Offensive - 0:00
Last Minute Defensive - 0:00
Total
Forward - 60:00
Defense - 60:00
|
Play-by-Play
1st period
0:01 of 1st period - Scott Laughton wins face-off versus Corey Trivino in neutral zone.
0:06 of 1st period - Backhand shot by Joel Armia.
0:06 of 1st period - Stopped by Joni Ortio without a rebound.
0:07 of 1st period - Scott Laughton wins face-off versus Corey Trivino in Rocket zone.
0:08 of 1st period - Wrist shot by Nicolas Kerdiles.
0:08 of 1st period - Shot Misses the Net.
0:10 of 1st period - Slapshot by Josh Morrissey.
0:10 of 1st period - Stopped by Joni Ortio without a rebound.
0:11 of 1st period - Markus Granlund wins face-off versus Jonathan Matsumoto in Rocket zone.
0:12 of 1st period - Wrist shot by Blake Geoffrion.
0:12 of 1st period - Shot Blocked by Andrei Mironov.
0:14 of 1st period - Slapshot by T.J Brodie.
0:14 of 1st period - Deflect By Blake Geoffrion.
0:14 of 1st period - Shot Blocked by Viktor Loov.
0:14 of 1st period - Puck is out of play.
0:15 of 1st period - Jonathan Matsumoto wins face-off versus Markus Granlund in Rocket zone.
0:44 of 1st period - Wrist shot by Tyler Pitlick.
0:44 of 1st period - Deflect By Anthony Nigro.
0:44 of 1st period - Shot Misses the Net.
0:44 of 1st period - Puck is out of play.
0:45 of 1st period - Anthony Nigro wins face-off versus Scott Laughton in Admirals zone.
0:50 of 1st period - Wrist shot by Tyler Pitlick.
0:50 of 1st period - Shot Misses the Net.
1:35 of 1st period - Snap shot by Chris Lawrence.
1:35 of 1st period - Stopped by Joni Ortio without a rebound.
1:36 of 1st period - Jonathan Matsumoto wins face-off versus Blake Geoffrion in Rocket zone.
1:36 of 1st period - Jonathan Matsumoto is hit by Mat Clark.
1:44 of 1st period - Mat Clark is hit by Tom Wilson and loses puck.
2:05 of 1st period - Wrist shot by Chris Lawrence.
2:05 of 1st period - Stopped by Joni Ortio with a rebound.
2:07 of 1st period - Backhand shot by Christian Djoos.
2:07 of 1st period - Stopped by Joni Ortio with a rebound.
2:09 of 1st period - Slapshot by Chris Lawrence.
2:09 of 1st period - Shot Misses the Net.
2:11 of 1st period - Snap shot by Chris Lawrence.
2:11 of 1st period - Shot Blocked by Viktor Loov.
2:13 of 1st period - Slapshot by Adam Almquist.
2:13 of 1st period - Shot Blocked by Andrei Mironov.
2:50 of 1st period - Snap shot by Tyler Pitlick.
2:50 of 1st period - Stopped by Tristan Jarry with a rebound.
2:52 of 1st period - Snap shot by Mattias Tedenby.
2:52 of 1st period - Deflect By Tyler Pitlick.
2:52 of 1st period - Shot Misses the Net.
2:52 of 1st period - Puck is out of play.
2:53 of 1st period - Scott Laughton wins face-off versus Corey Trivino in Admirals zone.
3:19 of 1st period - Brian Dumoulin is hit by Mat Clark and loses puck.
4:02 of 1st period - Mat Clark is hit by Nick Ritchie and loses puck.
5:10 of 1st period - Slapshot by Viktor Loov.
5:10 of 1st period - Stopped by Tristan Jarry without a rebound.
5:11 of 1st period - Jonathan Matsumoto wins face-off versus Scott Laughton in Admirals zone.
5:14 of 1st period - Wrist shot by Jonathan Matsumoto.
5:14 of 1st period - Stopped by Tristan Jarry with a rebound.
5:16 of 1st period - Snap shot by Viktor Loov.
5:16 of 1st period - Shot Misses the Net.
5:18 of 1st period - Slapshot by Viktor Loov.
5:18 of 1st period - Deflect By Nick Ritchie.
5:18 of 1st period - Shot Misses the Net.
5:18 of 1st period - Puck is out of play.
5:19 of 1st period - Jonathan Matsumoto wins face-off versus Scott Laughton in Admirals zone.
5:22 of 1st period - Snap shot by Jonathan Matsumoto.
5:22 of 1st period - Stopped by Tristan Jarry without a rebound.
5:23 of 1st period - Scott Laughton wins face-off versus Corey Trivino in Admirals zone.
5:23 of 1st period - Scott Laughton is hit by Danton Heinen.
5:31 of 1st period - Snap shot by Joel Armia.
5:31 of 1st period - Stopped by Joni Ortio with a rebound.
5:33 of 1st period - Slapshot by Mat Clark.
5:33 of 1st period - Shot Blocked by Andrey Pedan.
5:35 of 1st period - Snap shot by Nicolas Kerdiles.
5:35 of 1st period - Shot Blocked by Andrey Pedan.
5:37 of 1st period - Snap shot by Nicolas Kerdiles.
5:37 of 1st period - Goal by Nicolas Kerdiles - Admirals : 1 - Rocket : 0.
5:38 of 1st period - Jonathan Matsumoto wins face-off versus Mark McNeill in neutral zone.
5:41 of 1st period - T.J Brodie is hit by Jonathan Matsumoto and loses puck.
5:51 of 1st period - Minor Penalty to Nick Ritchie for Hooking.
5:52 of 1st period - Anthony Nigro wins face-off versus Scott Laughton in Rocket zone.
6:08 of 1st period - Slapshot by Joel Armia.
6:08 of 1st period - Shot Misses the Net.
6:18 of 1st period - Jack Glover is hit by Mark McNeill and loses puck.
7:51 of 1st period - Penalty to Nick Ritchie is over, Nick Ritchie is back on ice.
8:13 of 1st period - Snap shot by Mattias Tedenby.
8:13 of 1st period - Stopped by Tristan Jarry with a rebound.
8:15 of 1st period - Wrist shot by Mattias Tedenby.
8:15 of 1st period - Shot Blocked by Lucas Wallmark.
8:17 of 1st period - Slapshot by Viktor Loov.
8:17 of 1st period - Shot Blocked by T.J Brodie.
8:19 of 1st period - Slapshot by Viktor Loov.
8:19 of 1st period - Stopped by Tristan Jarry without a rebound.
8:20 of 1st period - Lucas Wallmark wins face-off versus Corey Trivino in Admirals zone.
8:45 of 1st period - Alex Petrovic is hit by Hunter Shinkaruk and loses puck.
9:21 of 1st period - Icing by Mark McNeill.
9:22 of 1st period - Corey Trivino wins face-off versus Markus Granlund in Admirals zone.
9:27 of 1st period - Snap shot by Adrian Kempe.
9:27 of 1st period - Shot Blocked by Mark McNeill.
9:29 of 1st period - Wrist shot by Adrian Kempe.
9:29 of 1st period - Shot Misses the Net.
9:31 of 1st period - Slapshot by Brian Dumoulin.
9:31 of 1st period - Shot Misses the Net.
9:33 of 1st period - Slapshot by Corey Trivino.
9:33 of 1st period - Shot Blocked by Mark McNeill.
9:35 of 1st period - Slapshot by Alex Petrovic.
9:35 of 1st period - Stopped by Tristan Jarry with a rebound.
9:37 of 1st period - Wrist shot by Corey Trivino.
9:37 of 1st period - Goal by Corey Trivino - Admirals : 1 - Rocket : 1.
9:38 of 1st period - Scott Laughton wins face-off versus Anthony Nigro in neutral zone.
10:30 of 1st period - Chris Lawrence is hit by Tom Wilson and loses puck.
10:45 of 1st period - Slapshot by Viktor Loov.
10:45 of 1st period - Shot Blocked by Mat Clark.
10:49 of 1st period - Slapshot by Jiri Sekac.
10:49 of 1st period - Stopped by Tristan Jarry with a rebound.
10:51 of 1st period - Slapshot by Andrei Mironov.
10:51 of 1st period - Stopped by Tristan Jarry with a rebound.
11:05 of 1st period - Snap shot by Mattias Tedenby.
11:05 of 1st period - Shot Misses the Net.
11:07 of 1st period - Backhand shot by Anthony Nigro.
11:07 of 1st period - Stopped by Tristan Jarry without a rebound.
11:08 of 1st period - Scott Laughton wins face-off versus Corey Trivino in Admirals zone.
11:35 of 1st period - Blake Geoffrion is hit by Tom Wilson and loses puck.
12:07 of 1st period - Snap shot by Mattias Tedenby.
12:07 of 1st period - Stopped by Tristan Jarry without a rebound.
12:08 of 1st period - Corey Trivino wins face-off versus Nicolas Kerdiles in Admirals zone.
12:09 of 1st period - Snap shot by Adrian Kempe.
12:09 of 1st period - Shot Blocked by Nicolas Kerdiles.
12:11 of 1st period - Slapshot by Danton Heinen.
12:11 of 1st period - Shot Misses the Net.
12:13 of 1st period - Snap shot by Corey Trivino.
12:13 of 1st period - Shot Misses the Net.
12:40 of 1st period - Wrist shot by Tom Wilson.
12:40 of 1st period - Stopped by Tristan Jarry without a rebound.
12:41 of 1st period - Scott Laughton wins face-off versus Anthony Nigro in Admirals zone.
12:50 of 1st period - Snap shot by Nicolas Kerdiles.
12:50 of 1st period - Stopped by Joni Ortio without a rebound.
12:51 of 1st period - Scott Laughton wins face-off versus Anthony Nigro in Rocket zone.
13:01 of 1st period - Minor Penalty to Mat Clark for Roughing.
13:02 of 1st period - Corey Trivino wins face-off versus Anton Gustafsson in Admirals zone.
15:01 of 1st period - Penalty to Mat Clark is over, Mat Clark is back on ice.
15:11 of 1st period - Travis Dermott is hit by Dominic Turgeon and loses puck.
15:28 of 1st period - Adam Almquist is hit by Jiri Sekac and loses puck.
15:46 of 1st period - Off-side.
15:47 of 1st period - Lucas Wallmark wins face-off versus Dominic Turgeon in neutral zone.
16:10 of 1st period - Snap shot by Danton Heinen.
16:10 of 1st period - Shot Misses the Net.
16:42 of 1st period - Wrist shot by Joel Armia.
16:42 of 1st period - Stopped by Joni Ortio without a rebound.
16:43 of 1st period - Chris Lawrence wins face-off versus Corey Trivino in Rocket zone.
16:48 of 1st period - Slapshot by Anton Gustafsson.
16:48 of 1st period - Deflect By Chris Lawrence.
16:48 of 1st period - Stopped by Joni Ortio with a rebound.
16:50 of 1st period - Slapshot by Anton Gustafsson.
16:50 of 1st period - Stopped by Joni Ortio with a rebound.
16:58 of 1st period - Wrist shot by Chris Lawrence.
16:58 of 1st period - Stopped by Joni Ortio with a rebound.
17:08 of 1st period - Brian Dumoulin is hit by Scott Laughton and loses puck.
17:59 of 1st period - Wrist shot by Blake Geoffrion.
17:59 of 1st period - Shot Misses the Net.
18:01 of 1st period - Wrist shot by Mark McNeill.
18:01 of 1st period - Shot Misses the Net.
18:13 of 1st period - Slapshot by Adrian Kempe.
18:13 of 1st period - Goal by Adrian Kempe - Admirals : 1 - Rocket : 2.
18:14 of 1st period - Corey Trivino wins face-off versus Scott Laughton in neutral zone.
18:29 of 1st period - Snap shot by Corey Trivino.
18:29 of 1st period - Shot Blocked by Travis Dermott.
18:44 of 1st period - Snap shot by Jonathan Matsumoto.
18:44 of 1st period - Shot Blocked by T.J Brodie.
19:02 of 1st period - Slapshot by Anton Gustafsson.
19:02 of 1st period - Shot Misses the Net.
19:04 of 1st period - Slapshot by Josh Morrissey.
19:04 of 1st period - Stopped by Joni Ortio with a rebound.
19:06 of 1st period - Slapshot by Josh Morrissey.
19:06 of 1st period - Shot Misses the Net.
Goals for this period are 1 for Admirals vs 2 for Rocket.
Shots for this period are 13 for Admirals vs 14 for Rocket.
2nd period
0:01 of 2nd period - Jonathan Matsumoto wins face-off versus Scott Laughton in neutral zone.
0:22 of 2nd period - Brian Dumoulin is hit by Mat Clark and loses puck.
0:28 of 2nd period - Off-side.
0:29 of 2nd period - Corey Trivino wins face-off versus Mark McNeill in neutral zone.
0:36 of 2nd period - Slapshot by Adrian Kempe.
0:36 of 2nd period - Stopped by Tristan Jarry without a rebound.
0:37 of 2nd period - Markus Granlund wins face-off versus Corey Trivino in Admirals zone.
0:37 of 2nd period - Markus Granlund is hit by Andrei Mironov.
1:38 of 2nd period - Wrist shot by Adrian Kempe.
1:38 of 2nd period - Shot Misses the Net.
1:46 of 2nd period - Backhand shot by Corey Trivino.
1:46 of 2nd period - Stopped by Tristan Jarry with a rebound.
1:48 of 2nd period - Snap shot by Corey Trivino.
1:48 of 2nd period - Shot Misses the Net.
1:50 of 2nd period - Wrist shot by Corey Trivino.
1:50 of 2nd period - Stopped by Tristan Jarry with a rebound.
1:52 of 2nd period - Slapshot by Viktor Loov.
1:52 of 2nd period - Shot Blocked by Blake Geoffrion.
1:54 of 2nd period - Slapshot by Viktor Loov.
1:54 of 2nd period - Shot Blocked by Mark McNeill.
2:19 of 2nd period - Minor Penalty to Danton Heinen for Slashing.
2:20 of 2nd period - Anthony Nigro wins face-off versus Scott Laughton in Rocket zone.
3:06 of 2nd period - Dominic Turgeon is hit by Chris Lawrence and loses puck.
4:16 of 2nd period - Brian Dumoulin is hit by Mark McNeill and loses puck.
4:19 of 2nd period - Penalty to Danton Heinen is over, Danton Heinen is back on ice.
4:29 of 2nd period - Snap shot by Mattias Tedenby.
4:29 of 2nd period - Shot Blocked by Nicolas Deslauriers.
6:36 of 2nd period - Chris Lawrence is hit by Viktor Loov and loses puck.
6:45 of 2nd period - Dominic Turgeon is hit by Anton Gustafsson and loses puck.
7:09 of 2nd period - Off-side.
7:10 of 2nd period - Scott Laughton wins face-off versus Corey Trivino in neutral zone.
7:15 of 2nd period - Wrist shot by Joel Armia.
7:15 of 2nd period - Deflect By Scott Laughton.
7:15 of 2nd period - Shot Misses the Net.
7:15 of 2nd period - Puck is out of play.
7:16 of 2nd period - Nick Ritchie wins face-off versus Scott Laughton in Rocket zone.
7:18 of 2nd period - Minor Penalty to Jonathan Matsumoto for Tripping.
7:19 of 2nd period - Anthony Nigro wins face-off versus Scott Laughton in Rocket zone.
7:22 of 2nd period - Snap shot by Nicolas Kerdiles.
7:22 of 2nd period - Shot Misses the Net.
7:24 of 2nd period - Slapshot by Mat Clark.
7:24 of 2nd period - Shot Misses the Net.
7:26 of 2nd period - Snap shot by Scott Laughton.
7:26 of 2nd period - Shot Misses the Net.
7:28 of 2nd period - Snap shot by Nicolas Kerdiles.
7:28 of 2nd period - Shot Blocked by Andrey Pedan.
7:30 of 2nd period - Wrist shot by Nicolas Kerdiles.
7:30 of 2nd period - Stopped by Joni Ortio with a rebound.
7:50 of 2nd period - Slapshot by Josh Morrissey.
7:50 of 2nd period - Shot Blocked by Mattias Tedenby.
7:52 of 2nd period - Backhand shot by T.J Brodie.
7:52 of 2nd period - Shot Blocked by Dominic Turgeon.
7:54 of 2nd period - Wrist shot by Markus Granlund.
7:54 of 2nd period - Stopped by Joni Ortio with a rebound.
9:14 of 2nd period - Blake Geoffrion is hit by Anthony Nigro and loses puck.
9:18 of 2nd period - Penalty to Jonathan Matsumoto is over, Jonathan Matsumoto is back on ice.
9:29 of 2nd period - Slapshot by Tyler Pitlick.
9:29 of 2nd period - Stopped by Tristan Jarry without a rebound.
9:30 of 2nd period - Chris Lawrence wins face-off versus Jonathan Matsumoto in Admirals zone.
9:30 of 2nd period - Chris Lawrence is hit by Tom Wilson.
9:36 of 2nd period - Wrist shot by Tom Wilson.
9:36 of 2nd period - Stopped by Tristan Jarry with a rebound.
9:38 of 2nd period - Snap shot by Tom Wilson.
9:38 of 2nd period - Shot Misses the Net.
9:40 of 2nd period - Slapshot by Andrei Mironov.
9:40 of 2nd period - Stopped by Tristan Jarry with a rebound.
9:42 of 2nd period - Slapshot by Nick Ritchie.
9:42 of 2nd period - Deflect By Andreas Englund.
9:42 of 2nd period - Stopped by Tristan Jarry without a rebound.
9:43 of 2nd period - Scott Laughton wins face-off versus Nick Ritchie in Admirals zone.
9:54 of 2nd period - Wrist shot by Nick Ritchie.
9:54 of 2nd period - Shot Misses the Net.
10:10 of 2nd period - Icing by T.J Brodie.
10:11 of 2nd period - Corey Trivino wins face-off versus Anton Gustafsson in Admirals zone.
10:20 of 2nd period - Wrist shot by Adrian Kempe.
10:20 of 2nd period - Shot Blocked by Hunter Shinkaruk.
10:32 of 2nd period - Snap shot by Anton Gustafsson.
10:32 of 2nd period - Stopped by Joni Ortio with a rebound.
10:52 of 2nd period - Wrist shot by Chris Lawrence.
10:52 of 2nd period - Shot Blocked by Tyler Pitlick.
10:54 of 2nd period - Snap shot by Travis Dermott.
10:54 of 2nd period - Shot Blocked by Jack Glover.
11:04 of 2nd period - Snap shot by Travis Dermott.
11:04 of 2nd period - Shot Misses the Net.
11:24 of 2nd period - Wrist shot by Anton Gustafsson.
11:24 of 2nd period - Goal by Anton Gustafsson - Admirals : 2 - Rocket : 2.
11:25 of 2nd period - Jonathan Matsumoto wins face-off versus Scott Laughton in neutral zone.
11:51 of 2nd period - Brian Dumoulin is hit by Markus Granlund and loses puck.
12:14 of 2nd period - Snap shot by Danton Heinen.
12:14 of 2nd period - Stopped by Tristan Jarry without a rebound.
12:15 of 2nd period - Scott Laughton wins face-off versus Jonathan Matsumoto in Admirals zone.
12:15 of 2nd period - Nicolas Kerdiles is hit by Tom Wilson and loses puck.
12:18 of 2nd period - Minor Penalty to Scott Laughton for Tripping.
12:19 of 2nd period - Corey Trivino wins face-off versus Anton Gustafsson in Admirals zone.
12:34 of 2nd period - Adrian Kempe is hit by Nicolas Kerdiles and loses puck.
12:52 of 2nd period - Andreas Englund is hit by Tyler Pitlick and loses puck.
14:02 of 2nd period - Jonathan Matsumoto is hit by Hunter Shinkaruk and loses puck.
14:10 of 2nd period - Icing by Alex Petrovic.
14:11 of 2nd period - Anton Gustafsson wins face-off versus Jonathan Matsumoto in Rocket zone.
14:18 of 2nd period - Penalty to Scott Laughton is over, Scott Laughton is back on ice.
14:42 of 2nd period - Icing by Markus Granlund.
14:43 of 2nd period - Anthony Nigro wins face-off versus Lucas Wallmark in Admirals zone.
15:06 of 2nd period - Nicolas Kerdiles is hit by Andrey Pedan and loses puck.
15:43 of 2nd period - Tom Wilson is hit by Lucas Wallmark and loses puck.
16:18 of 2nd period - Slapshot by Nicolas Deslauriers.
16:18 of 2nd period - Stopped by Joni Ortio with a rebound.
16:20 of 2nd period - Wrist shot by Nicolas Deslauriers.
16:20 of 2nd period - Shot Blocked by Jonathan Matsumoto.
16:34 of 2nd period - Wrist shot by Tom Wilson.
16:34 of 2nd period - Shot Hit the Post.
17:12 of 2nd period - Slapshot by Nicolas Deslauriers.
17:12 of 2nd period - Shot Blocked by Andrei Mironov.
17:14 of 2nd period - Snap shot by Lucas Wallmark.
17:14 of 2nd period - Stopped by Joni Ortio with a rebound.
17:16 of 2nd period - Snap shot by Nicolas Deslauriers.
17:16 of 2nd period - Deflect By Brett Connolly.
17:16 of 2nd period - Stopped by Joni Ortio with a rebound.
17:56 of 2nd period - Snap shot by Tom Wilson.
17:56 of 2nd period - Shot Blocked by Brett Connolly.
18:05 of 2nd period - Icing by Lucas Wallmark.
18:06 of 2nd period - Corey Trivino wins face-off versus Lucas Wallmark in Admirals zone.
18:20 of 2nd period - T.J Brodie is hit by Danton Heinen and loses puck.
18:23 of 2nd period - Snap shot by T.J Brodie.
18:23 of 2nd period - Stopped by Joni Ortio without a rebound.
18:24 of 2nd period - Anthony Nigro wins face-off versus Scott Laughton in Rocket zone.
18:45 of 2nd period - Minor Penalty to Scott Laughton for High sticking.
18:46 of 2nd period - Anton Gustafsson wins face-off versus Corey Trivino in Admirals zone.
19:01 of 2nd period - Wrist shot by Adrian Kempe.
19:01 of 2nd period - Deflect By Corey Trivino.
19:01 of 2nd period - Shot Misses the Net.
19:01 of 2nd period - Puck is out of play.
19:02 of 2nd period - Corey Trivino wins face-off versus Nicolas Kerdiles in Admirals zone.
19:45 of 2nd period - Mat Clark is hit by Anthony Nigro and loses puck.
19:50 of 2nd period - Wrist shot by Brian Dumoulin.
19:50 of 2nd period - Deflect By Tyler Pitlick.
19:50 of 2nd period - Shot Misses the Net.
19:50 of 2nd period - Puck is out of play.
19:51 of 2nd period - Adrian Kempe wins face-off versus Anton Gustafsson in Admirals zone.
Goals for this period are 1 for Admirals vs 0 for Rocket.
Shots for this period are 8 for Admirals vs 8 for Rocket.
3rd period
0:01 of 3rd period - Corey Trivino wins face-off versus Anton Gustafsson in neutral zone.
0:04 of 3rd period - Slapshot by Alex Petrovic.
0:04 of 3rd period - Shot Blocked by Andreas Englund.
0:06 of 3rd period - Slapshot by Alex Petrovic.
0:06 of 3rd period - Shot Misses the Net.
0:08 of 3rd period - Slapshot by Corey Trivino.
0:08 of 3rd period - Shot Misses the Net.
0:10 of 3rd period - Slapshot by Adrian Kempe.
0:10 of 3rd period - Stopped by Tristan Jarry with a rebound.
0:12 of 3rd period - Snap shot by Danton Heinen.
0:12 of 3rd period - Goal by Danton Heinen - Admirals : 2 - Rocket : 3.
0:13 of 3rd period - Corey Trivino wins face-off versus Scott Laughton in neutral zone.
0:15 of 3rd period - Off-side.
0:16 of 3rd period - Corey Trivino wins face-off versus Scott Laughton in neutral zone.
0:23 of 3rd period - Slapshot by Adrian Kempe.
0:23 of 3rd period - Stopped by Tristan Jarry without a rebound.
0:24 of 3rd period - Scott Laughton wins face-off versus Corey Trivino in Admirals zone.
0:35 of 3rd period - Snap shot by Scott Laughton.
0:35 of 3rd period - Deflect By Joel Armia.
0:35 of 3rd period - Shot Misses the Net.
0:35 of 3rd period - Puck is out of play.
0:36 of 3rd period - Corey Trivino wins face-off versus Joel Armia in Rocket zone.
0:36 of 3rd period - Corey Trivino is hit by Nicolas Kerdiles.
1:02 of 3rd period - Alex Petrovic is hit by Blake Geoffrion.
1:06 of 3rd period - Wrist shot by Mattias Tedenby.
1:06 of 3rd period - Shot Blocked by Mat Clark.
1:08 of 3rd period - Snap shot by Mattias Tedenby.
1:08 of 3rd period - Shot Misses the Net.
1:10 of 3rd period - Snap shot by Mattias Tedenby.
1:10 of 3rd period - Stopped by Tristan Jarry without a rebound.
1:11 of 3rd period - Blake Geoffrion wins face-off versus Jonathan Matsumoto in Admirals zone.
1:11 of 3rd period - Markus Granlund is hit by Andrey Pedan and loses puck.
1:26 of 3rd period - Wrist shot by Nick Ritchie.
1:26 of 3rd period - Stopped by Tristan Jarry with a rebound.
1:36 of 3rd period - Danton Heinen is hit by Scott Laughton and loses puck.
1:57 of 3rd period - Slapshot by Chris Lawrence.
1:57 of 3rd period - Shot Misses the Net.
1:59 of 3rd period - Wrist shot by Hunter Shinkaruk.
1:59 of 3rd period - Shot Misses the Net.
2:01 of 3rd period - Slapshot by Mattias Backman.
2:01 of 3rd period - Deflect By Brian Dumoulin.
2:01 of 3rd period - Stopped by Joni Ortio without a rebound.
2:02 of 3rd period - Hunter Shinkaruk wins face-off versus Anthony Nigro in Rocket zone.
2:19 of 3rd period - Snap shot by Anton Gustafsson.
2:19 of 3rd period - Deflect By Chris Lawrence.
2:19 of 3rd period - Shot Blocked by Anthony Nigro.
2:19 of 3rd period - Puck is out of play.
2:20 of 3rd period - Scott Laughton wins face-off versus Corey Trivino in Rocket zone.
2:21 of 3rd period - Snap shot by Nicolas Kerdiles.
2:21 of 3rd period - Shot Blocked by Adrian Kempe.
2:23 of 3rd period - Snap shot by Nicolas Kerdiles.
2:23 of 3rd period - Shot Blocked by Brian Dumoulin.
2:31 of 3rd period - Snap shot by Nicolas Kerdiles.
2:31 of 3rd period - Stopped by Joni Ortio with a rebound.
2:33 of 3rd period - Slapshot by Josh Morrissey.
2:33 of 3rd period - Stopped by Joni Ortio with a rebound.
2:35 of 3rd period - Slapshot by Mat Clark.
2:35 of 3rd period - Stopped by Joni Ortio without a rebound.
2:36 of 3rd period - Mattias Tedenby wins face-off versus Markus Granlund in Rocket zone.
2:47 of 3rd period - Slapshot by Brian Dumoulin.
2:47 of 3rd period - Shot Misses the Net.
3:30 of 3rd period - Nicolas Deslauriers is hit by Andrey Pedan and loses puck.
4:09 of 3rd period - Backhand shot by Joel Armia.
4:09 of 3rd period - Stopped by Joni Ortio with a rebound.
4:16 of 3rd period - Minor Penalty to Andrei Mironov for Cross-checking.
4:17 of 3rd period - Scott Laughton wins face-off versus Anthony Nigro in Rocket zone.
4:27 of 3rd period - Slapshot by Nicolas Kerdiles.
4:27 of 3rd period - Stopped by Joni Ortio with a rebound.
4:29 of 3rd period - Slapshot by T.J Brodie.
4:29 of 3rd period - Deflect By Tyler Pitlick.
4:29 of 3rd period - Stopped by Joni Ortio without a rebound.
4:30 of 3rd period - Anthony Nigro wins face-off versus Scott Laughton in Rocket zone.
4:37 of 3rd period - Wrist shot by Joel Armia.
4:37 of 3rd period - Shot Misses the Net.
4:39 of 3rd period - Snap shot by Travis Dermott.
4:39 of 3rd period - Deflect By Joel Armia.
4:39 of 3rd period - Goal by Joel Armia - Admirals : 3 - Rocket : 3.
4:40 of 3rd period - Scott Laughton wins face-off versus Adrian Kempe in neutral zone.
5:15 of 3rd period - Icing by Andrey Pedan.
5:16 of 3rd period - Joel Armia wins face-off versus Jonathan Matsumoto in Rocket zone.
5:41 of 3rd period - Mattias Backman is hit by Adrian Kempe.
5:45 of 3rd period - Markus Granlund is hit by Adrian Kempe and loses puck.
5:50 of 3rd period - Snap shot by Adrian Kempe.
5:50 of 3rd period - Stopped by Tristan Jarry without a rebound.
5:51 of 3rd period - Scott Laughton wins face-off versus Corey Trivino in Admirals zone.
5:51 of 3rd period - Scott Laughton is hit by Corey Trivino.
6:19 of 3rd period - Wrist shot by Brian Dumoulin.
6:19 of 3rd period - Shot Misses the Net.
7:05 of 3rd period - Snap shot by Nicolas Deslauriers.
7:05 of 3rd period - Stopped by Joni Ortio with a rebound.
7:07 of 3rd period - Snap shot by Nicolas Deslauriers.
7:07 of 3rd period - Shot Misses the Net.
7:09 of 3rd period - Snap shot by Nicolas Deslauriers.
7:09 of 3rd period - Shot Misses the Net.
7:11 of 3rd period - Snap shot by Nicolas Deslauriers.
7:11 of 3rd period - Shot Misses the Net.
7:13 of 3rd period - Snap shot by Andreas Englund.
7:13 of 3rd period - Shot Blocked by Viktor Loov.
7:27 of 3rd period - Wrist shot by Danton Heinen.
7:27 of 3rd period - Shot Misses the Net.
7:29 of 3rd period - Snap shot by Adrian Kempe.
7:29 of 3rd period - Shot Blocked by Mattias Backman.
7:31 of 3rd period - Slapshot by Viktor Loov.
7:31 of 3rd period - Shot Blocked by Mattias Backman.
8:07 of 3rd period - Snap shot by Chris Lawrence.
8:07 of 3rd period - Stopped by Joni Ortio without a rebound.
8:08 of 3rd period - Anton Gustafsson wins face-off versus Corey Trivino in Rocket zone.
8:36 of 3rd period - Snap shot by Jiri Sekac.
8:36 of 3rd period - Goal by Jiri Sekac - Admirals : 3 - Rocket : 4.
8:37 of 3rd period - Corey Trivino wins face-off versus Scott Laughton in neutral zone.
8:41 of 3rd period - Brian Dumoulin is hit by Nicolas Kerdiles and loses puck.
9:32 of 3rd period - Minor Penalty to T.J Brodie for Cross-checking.
9:33 of 3rd period - Corey Trivino wins face-off versus Anton Gustafsson in Admirals zone.
10:43 of 3rd period - Icing by Tyler Pitlick.
10:44 of 3rd period - Markus Granlund wins face-off versus Jonathan Matsumoto in Rocket zone.
10:56 of 3rd period - Icing by Alex Petrovic.
10:57 of 3rd period - Anton Gustafsson wins face-off versus Jonathan Matsumoto in Rocket zone.
11:08 of 3rd period - Slapshot by Tyler Pitlick.
11:08 of 3rd period - Deflect By Jonathan Matsumoto.
11:08 of 3rd period - Goal by Jonathan Matsumoto - Admirals : 3 - Rocket : 5.
11:09 of 3rd period - Scott Laughton wins face-off versus Corey Trivino in neutral zone.
11:49 of 3rd period - Nick Ritchie is hit by Markus Granlund and loses puck.
12:23 of 3rd period - Icing by Scott Laughton.
12:24 of 3rd period - Nicolas Kerdiles wins face-off versus Dominic Turgeon in Admirals zone.
12:35 of 3rd period - Snap shot by Scott Laughton.
12:35 of 3rd period - Stopped by Joni Ortio with a rebound.
13:07 of 3rd period - Wrist shot by Jiri Sekac.
13:07 of 3rd period - Shot Misses the Net.
13:09 of 3rd period - Slapshot by Andrei Mironov.
13:09 of 3rd period - Stopped by Tristan Jarry without a rebound.
13:10 of 3rd period - Corey Trivino wins face-off versus Markus Granlund in Admirals zone.
14:06 of 3rd period - Wrist shot by Tyler Pitlick.
14:06 of 3rd period - Shot Blocked by Travis Dermott.
14:12 of 3rd period - Minor Penalty to T.J Brodie for Holding.
14:13 of 3rd period - Anton Gustafsson wins face-off versus Corey Trivino in Admirals zone.
14:13 of 3rd period - Anton Gustafsson is hit by Adrian Kempe.
14:23 of 3rd period - Andreas Englund is hit by Brian Dumoulin.
14:39 of 3rd period - Alex Petrovic is hit by Nicolas Deslauriers and loses puck.
14:55 of 3rd period - Icing by Andrei Mironov.
14:56 of 3rd period - Freddie Hamilton wins face-off versus Jonathan Matsumoto in Rocket zone.
15:03 of 3rd period - Freddie Hamilton is hit by Nick Ritchie and loses puck.
16:12 of 3rd period - Penalty to T.J Brodie is over, T.J Brodie is back on ice.
16:28 of 3rd period - Snap shot by Nick Ritchie.
16:28 of 3rd period - Stopped by Tristan Jarry without a rebound.
16:29 of 3rd period - Markus Granlund wins face-off versus Corey Trivino in Admirals zone.
16:57 of 3rd period - Minor Penalty to Jiri Sekac for Hooking.
16:58 of 3rd period - Scott Laughton wins face-off versus Anthony Nigro in Rocket zone.
17:01 of 3rd period - Snap shot by Scott Laughton.
17:01 of 3rd period - Stopped by Joni Ortio without a rebound.
17:02 of 3rd period - Anthony Nigro wins face-off versus Scott Laughton in Rocket zone.
18:21 of 3rd period - Alex Petrovic is hit by Nicolas Kerdiles and loses puck.
18:32 of 3rd period - Brian Dumoulin is hit by Scott Laughton and loses puck.
18:57 of 3rd period - Penalty to Jiri Sekac is over, Jiri Sekac is back on ice.
19:05 of 3rd period - Slapshot by Travis Dermott.
19:05 of 3rd period - Stopped by Joni Ortio with a rebound.
19:13 of 3rd period - Snap shot by Nicolas Kerdiles.
19:13 of 3rd period - Stopped by Joni Ortio without a rebound.
19:14 of 3rd period - Anton Gustafsson wins face-off versus Corey Trivino in Rocket zone.
19:27 of 3rd period - Mat Clark is hit by Adrian Kempe and loses puck.
19:43 of 3rd period - Danton Heinen is hit by Markus Granlund and loses puck.
Goals for this period are 1 for Admirals vs 3 for Rocket.
Shots for this period are 14 for Admirals vs 10 for Rocket.